 Dungeon Crawl Stone Soup version 0.27.1-34-g3ba077fa99 (webtiles) character file.

Game seed: 3529131175449875206

121 cbfl8 the Sneak (level 4, -16/40 HPs)
             Began as a Minotaur Delver on Jan 14, 2022.
             Demolished by an ogre (27 damage)
             ... on level 3 of the Dungeon.
             The game lasted 00:05:31 (1469 turns).

cbfl8 the Sneak (Minotaur Delver)                   Turns: 1469, Time: 00:05:31

Health: -16/40     AC:  8    Str: 16    XL:     4   Next: 76%
Magic:  3/3        EV:  7    Int:  8    God:
Gold:   80         SH:  5    Dex: 12    Spells: 3/3 levels left

rFire    x . .     SeeInvis +   p - +0 short sword (elec)
rCold    + . .     Faith    .   (no shield)
rNeg     . . .     Spirit   .   o - +0 chain mail
rPois    .         Reflect  +   (helmet restricted)
rElec    .         Harm     .   (no cloak)
rCorr    .         Rampage  .   (no gloves)
Will     .....                  (no boots)
Stlth    ..........             i - amulet of reflection
HPRegen  0.13/turn              h - ring of see invisible
MPRegen  0.08/turn              t - ring of ice

@: no status effects
A: horns 2, retaliatory headbutt
a: no special abilities


You were on level 3 of the Dungeon.
You visited 1 branch of the dungeon, and saw 3 of its levels.

You collected 80 gold pieces.

Inventory:

Hand Weapons
 a - a +0 hand axe
 l - a +0 hunting sling
 p - a +0 short sword of electrocution (weapon)
Missiles
 k - 125 stones (quivered)
 v - 6 boomerangs
Armour
 b - a +0 leather armour
 o - a +0 chain mail (worn)
Jewellery
 h - a ring of see invisible (left hand)
 i - an amulet of reflection (around neck)
 t - a ring of ice (right hand)
Wands
 g - a wand of digging (3)
Scrolls
 c - a scroll of fog
 d - a scroll of magic mapping
 e - a scroll of fear
 m - a scroll of amnesia
 r - a scroll of holy word {unknown}
 s - a scroll of identify {unknown}
 u - a scroll of immolation {unknown}
Potions
 f - a potion of haste
 n - a potion of flight {unknown}
 q - a potion of berserk rage {unknown}


   Skills:
 + Level 4.1 Fighting
 + Level 3.2 Axes
 + Level 1.1 Armour
 + Level 2.4 Dodging
 + Level 5.3 Stealth


You had 3 spell levels left.
You didn't know any spells.
Your spell library contained the following spells:

 Spells                   Type           Power      Damage    Failure   Level
 Summon Small Mammal      Summ           0%         N/A       100%        1
 Call Canine Familiar     Summ           0%         N/A       100%        3
 Summon Guardian Golem    Hex/Summ       0%         N/A       100%        3
 Orb of Destruction       Conj           0%         N/A       100%        7
 Spellforged Servitor     Conj/Summ      0%         N/A       100%        7


Dungeon Overview and Level Annotations

Branches:
Dungeon (5/15)
 Temple: D:4-7

Altars:
Elyvilon


Innate Abilities, Weirdness & Mutations

You have a pair of horns on your head.
You reflexively headbutt those who attack you in melee.


Message History

You pick up a book of Callings and begin reading...
You add the spells Summon Small Mammal and Call Canine Familiar to your library.
You see here 6 boomerangs.
v - 6 boomerangs
k - 125 stones (gained 32)
You now have 80 gold pieces (gained 10).
Okay, then.
A rat comes into view.
The rat closely misses you.
You hit the rat. Lightning courses through the rat!
You kill the rat!
You see here a rat corpse.
Found a stone staircase leading down.
There is a stone staircase leading down here.
An ogre comes into view. It is wielding a +0 giant club.
The ogre shouts!
You hit the ogre.
The ogre is lightly wounded.
The ogre hits you with a +0 giant club!
You hit the ogre.
The ogre is moderately wounded.
The ogre hits you with a +0 giant club!!
You barely miss the ogre.
The ogre is moderately wounded.
The ogre completely misses you.
You hit the ogre but do no damage.
The ogre is moderately wounded.
You hit the ogre. Lightning courses through the ogre! You headbutt the ogre.
The ogre is severely wounded.
The ogre hits you with a +0 giant club!
* * * LOW HITPOINT WARNING * * *
It was a potion of heal wounds.
You feel much better. The ogre hits you with a +0 giant club!
* * * LOW HITPOINT WARNING * * *
As you read the scroll labelled JEATILEFIA, it crumbles to dust.
It is a scroll of amnesia.
You feel forgetful for a moment.
The ogre hits you with a +0 giant club!!
Ouch! That really hurt!
You die...

..>..........##
...#
##.....#####..#
### ########
##.## ... #
#..# .... #
##.## ##..
######## #..#
#.. .......#
##.## #..
##.##### #..#
##... ##.# ##@#
##.... ...# #O#
..... #### #.#
##.... .####
#.# ..... ....#
#.# ###..#
.##.# #.#
#....# .##.#
#.# #.....
.##.# #..
#...## .##.#
###.#


You could see an ogre.

Vanquished Creatures
  A scorpion (D:5)
  4 adders
  2 worms (D:3)
  3 orcs (D:3)
  2 ball pythons
  2 endoplasms (D:3)
  A giant cockroach (D:3)
  2 goblins (D:5)
  2 hobgoblins (D:3)
  A quokka (D:3)
  2 rats (D:3)
22 creatures vanquished.

Notes
Turn   | Place    | Note
-------+----------+-------------------------------------------
     0 | D:5      | cbfl8 the Minotaur Delver began the quest for the Orb.
     0 | D:5      | Reached XP level 1. HP: 19/19 MP: 0/0
    19 | D:5      | Noticed an ogre
   101 | D:5      | Found a white marble altar of Elyvilon.
   235 | D:5      | Noticed a scorpion
   244 | D:5      | Killed a scorpion
   245 | D:5      | Reached XP level 2. HP: 27/27 MP: 1/1
   245 | D:5      | Reached XP level 3. HP: 33/33 MP: 2/2
   518 | D:5      | Reached skill level 5 in Stealth
   766 | D:4      | Reached XP level 4. HP: 39/40 MP: 3/3
   942 | D:3      | Reached skill level 1 in Armour
  1459 | D:3      | Noticed an ogre
  1469 | D:3      | Demolished by an ogre

Illustrated notes

Levels and vault maps discovered:
D:3:      layout_basic, uniq_robin
D:4:      minmay_thinvault, layout_basic
D:5:      minmay_goblin_kobold_castle, layout_basic,
          mainiacjoe_overflow_surrounded_room, minmay_temple_entry_proselytizer

Skill      XL: |  1  2  3  4 |
---------------+-------------+-----
Fighting       | 4 |  4.1
Stealth        | 5 |  5.3
Armour         | 1 |  1.1
Axes           | 3 |  3.2
Dodging        | |  2.4

Action                   |  1- 3 |  4- 6 || total
-------------------------+-------+-------++-------
Melee: Hand axe          |    13 |     9 ||    22
       Headbutt          |     2 |     7 ||     9
       Short sword       |       |    37 ||    37
  Use: Scroll            |       |     1 ||     1
       Potion            |       |     1 ||     1
Armor: Leather armour    |     1 |       ||     1
       Chain mail        |     3 |    19 ||    22
Dodge: Dodged            |    11 |    12 ||    23
Block: Other             |     5 |     9 ||    14
       Reflection        |     2 |       ||     2
